 Dungeon Crawl Stone Soup version 0.29-a0-297-g7659ce593d (webtiles) character file.

Game seed: 255326864881990604

317 Dabor the Shield-Bearer (level 6, -2/39 HPs)
             Began as a Gargoyle Fighter on Mar 21, 2022.
             Was a Believer of Cheibriados.
             Killed by divine providence
             ... invoked by an orc priest
              (9 damage)
             ... on level 4 of the Dungeon.
             The game lasted 00:09:31 (3272 turns).

Dabor the Shield-Bearer (Gargoyle Fighter)          Turns: 3272, Time: 00:09:32

Health: -2/39      AC: 15    Str: 26    XL:     6   Next: 44%
Magic:  7/7        EV: 10    Int: 16    God:    Cheibriados [**....]
Gold:   159        SH:  0    Dex: 18    Spells: 5/5 levels left

rFire   + . .      SeeInvis .   a - +0 flail
rCold   . . .      Faith    .   c - +0 buckler
rNeg    + . .      Spirit   .   b - +0 scale mail
rPois   ∞          Reflect  .   f - +2 helmet
rElec   +          Harm     .   (no cloak)
rCorr   .          Rampage  .   (no gloves)
Will    .....                   p - -1 pair of boots "Zoogueh" {+Blink Int+4 Dex+5}
Stlth   ..........              t - amulet of magic regeneration
HPRegen 0.13/turn               n - ring of protection from fire
MPRegen 0.50/turn               (no ring)

@: confused, mighty, ambrosia-drunk, very slow
A: sickness immunity, AC +4, negative energy resistance 1, electricity
resistance, torment resistance 1, petrification resistance
a: Renounce Religion, Evoke Blink, Bend Time


You were on level 4 of the Dungeon.
You worshipped Cheibriados.
Cheibriados was pleased with you.
You visited 1 branch of the dungeon, and saw 4 of its levels.

You collected 159 gold pieces.

Inventory:

Hand Weapons
 a - a +0 flail (weapon)
Missiles
 v - 4 poisoned darts (quivered)
Armour
 b - a +0 scale mail (worn)
 c - a +0 buckler (worn)
 f - a +2 helmet (worn)
 p - the -1 pair of boots "Zoogueh" (worn) {+Blink Int+4 Dex+5}
   (You found it on level 2 of the Dungeon)

   Int:       It affects your intelligence (+4).
   Dex:       It affects your dexterity (+5).
   +Blink:    It lets you blink.
Jewellery
 n - a ring of protection from fire (left hand)
 t - an amulet of magic regeneration (around neck)
Wands
 s - a wand of mindburst (11)
Scrolls
 g - a scroll of vulnerability {unknown}
 j - a scroll of noise
 k - a scroll of blinking
 m - a scroll of teleportation
 o - 2 scrolls of identify
 r - a scroll of amnesia {unknown}
 w - a scroll of fear {unknown}
Potions
 d - 5 potions of might
 e - a potion of heal wounds {unknown}
 h - 2 potions of curing {unknown}
 i - 2 potions of mutation {unknown}
 l - a potion of haste {unknown}
 q - a potion of attraction {unknown}


   Skills:
 + Level 4.4 Fighting
 + Level 3.2 Maces & Flails
 + Level 4.4 Armour
 + Level 1.3 Dodging
 + Level 4.5 Shields
 + Level 2.0 Invocations


You had 5 spell levels left.
You didn't know any spells.
Your spell library contained the following spells:

 Spells                   Type           Power      Damage    Failure   Level
 Magic Dart               Conj           0%         1d3       58%         1
 Call Imp                 Summ           0%         N/A       73%         2
 Mephitic Cloud           Conj/Pois/Air  0%         N/A       91%         3


Dungeon Overview and Level Annotations

Branches:
Dungeon (4/15)
 Temple: D:4-7

Altars:
Cheibriados
Uskayaw


Innate Abilities, Weirdness & Mutations

You are immune to sickness and miasma.
Your stone body is resilient. (AC +4)
You are immune to poison.
You resist negative energy. (rN+)
You are resistant to electric shocks. (rElec)
You are resistant to unholy torment.
You are immune to petrification.


Message History

You throw a poisoned dart. The poisoned dart hits the orc warrior.
The orc priest looks satisfied for a moment.
An orc comes into view. It is wielding a +0 flail.
Throw: 6 darts (poison)
Press: ? - help, Q - select action, (/) - cycle Shift-Dir - straight line, f/p - orc warrior
Aim: an orc warrior, wielding a +0 dire flail and wearing a +1 chain mail of poison resistance (60% to hit)
You throw a poisoned dart. The poisoned dart hits the orc warrior.
Throw: 5 darts (poison)
Press: ? - help, Q - select action, (/) - cycle Shift-Dir - straight line, f/p - orc warrior
Aim: an orc warrior, wielding a +0 dire flail and wearing a +1 chain mail of poison resistance (60% to hit)
You throw a poisoned dart.
The poisoned dart closely misses the orc warrior.
The poisoned dart hits the orc.
The orc looks even sicker.
The orc is lightly wounded.
You closely miss the orc warrior. The orc warrior closely misses you.
You hit the orc warrior.
The orc warrior is lightly wounded.
The orc warrior hits you with a +0 dire flail.
A dart slug comes into view.
The orc warrior hits you with a +0 dire flail!
You feel very mighty all of a sudden. The orc warrior completely misses you.
You sock the orc warrior!
The orc warrior is heavily wounded.
You kill the orc!
Cheibriados thoroughly appreciates the change of pace.
You block the orc warrior's attack.
You hit the orc warrior but do no damage.
The orc warrior is heavily wounded.
The orc warrior hits you with a +0 dire flail!
You are too injured to fight recklessly!
You are too injured to fight recklessly!
You are too injured to fight recklessly!
You are confused.
You feel invigorated.
The orc warrior hits you with a +0 dire flail!
* * * LOW HITPOINT WARNING * * *
The orc priest mumbles some strange prayers to Beogh against you.
Beogh smites you!
You die...

##..# #..## ##)## ####
#..# #..## ##.## ##..#
####..# ##.####.....##
##
...#####.......###..###.
...w(oo@...##### #......
.....o###### ##.....
....# #..... ... ##....
. ##... ##.. ##. ## ####
#


You could see an orc warrior, an orc priest, a dart slug and an orc.

Vanquished Creatures
  Sigmund (D:3)
  Ijyb (D:3)
  4 gnolls
  An adder (D:2)
  A worm (D:3)
  6 dart slugs
  2 orcs
  6 bats
  6 endoplasms
  A giant cockroach (D:4)
  6 goblins (D:1)
  4 hobgoblins
  5 jackals (D:1)
  4 quokkas
  4 ball pythons
  5 frilled lizards
  9 kobolds
  7 rats
73 creatures vanquished.

Notes
Turn   | Place    | Note
-------+----------+-------------------------------------------
     0 | D:1      | Dabor the Gargoyle Fighter began the quest for the Orb.
     0 | D:1      | Reached XP level 1. HP: 14/14 MP: 1/1
   192 | D:1      | Reached XP level 2. HP: 14/19 MP: 2/2
   571 | D:1      | Reached XP level 3. HP: 23/23 MP: 3/3
  1204 | D:2      | Found a faded altar of an unknown god.
  1206 | D:2      | Noticed a shining eye
  1231 | D:2      | Noticed a shining eye
  1232 | D:2      | Noticed a golden eye
  1232 | D:2      | Noticed a shining eye
  1237 | D:2      | Prayed at the altar of an unknown god.
  1237 | D:2      | Became a worshipper of Cheibriados the Contemplative
  1237 | D:2      | Reached * piety under Cheibriados
  1302 | D:2      | Reached XP level 4. HP: 29/29 MP: 4/4
  1674 | D:2      | Found a hide-covered altar of Uskayaw.
  1726 | D:2      | Identified the -1 pair of boots "Zoogueh" {+Blink Int+4
                  | Dex+5}
  1870 | D:3      | Noticed Sigmund
  1884 | D:3      | Killed Sigmund
  1885 | D:3      | Reached skill level 1 in Dodging
  1885 | D:3      | Reached skill level 1 in Invocations
  1885 | D:3      | Reached XP level 5. HP: 31/34 MP: 4/6
  1885 | D:3      | Reached XP level 6. HP: 36/39 MP: 4/7
  2093 | D:3      | Noticed Ijyb
  2103 | D:3      | Killed Ijyb
  3043 | D:4      | Reached ** piety under Cheibriados
  3262 | D:4      | Noticed an orc warrior
  3272 | D:4      | Killed from afar by an orc priest

Illustrated notes

Levels and vault maps discovered:
D:1:      wander_arrival_desolate, layout_basic, minmay_three_crescents
D:2:      layout_loops_cross, basic_altar,
          hellmonk_ecumenical_altar_watching_god
D:3:      layout_basic, minmay_bisected, uniq_ijyb, uniq_sigmund
D:4:      layout_cave_pods, serial_shops,
          nicolae_shop_temple_entry_statues_fountains

Skill      XL: |  1  2  3  4  5  6 |
---------------+-------------------+-----
Fighting       | 4 |  4.4
Maces & Flails | 3 |  3.2
Armour         | 4 |  4.4
Dodging        | 1 |  1.3
Shields        | 4 |  4.5
Invocations    | 1 2 |  2.0

Action                   |  1- 3 |  4- 6 || total
-------------------------+-------+-------++-------
Melee: Flail             |   123 |   121 ||   244
Throw: Dart              |       |    12 ||    12
Invok: Bend Time         |       |     1 ||     1
  Use: Scroll            |     5 |       ||     5
       Potion            |       |     3 ||     3
Armor: Scale mail        |    82 |    82 ||   164
Dodge: Dodged            |    56 |    67 ||   123
Block: Buckler           |    20 |    37 ||    57

Table legend: (Time is in decaauts)
 A = Elapsed time spent in this place.
 B = Non-inter-level travel time spent in this place.
 C = Inter-level travel time spent in this place.
 D = Time resting spent in this place.
 E = Time spent auto-exploring this place.
 F = Levels seen in this place.
 G = Mean time per level.
                   A        B        C        D        E       F      G
               +--------+--------+--------+--------+--------+-----+--------+
         Total |   3897 |   3620 |    277 |      2 |   2953 |   4 |  974.2 |
       Dungeon |   3897 |   3620 |    277 |      2 |   2953 |   4 |  974.2 |
               +--------+--------+--------+--------+--------+-----+--------+

Top non-repeatable levels by time:
     D:3: 1408 daAuts
     D:1: 1188 daAuts
     D:2: 930 daAuts
     D:4: 370 daAuts
